[Event "Saturday 20 January Rapid Engine Tour 12+1 Rounds 9 Starts 1600 ST"]
[Site "Infinity Chess"]
[Date "2018.1.20"]
[Round "3"]
[White "NINJA_JENGKA"]
[Black "SkyPilot"]
[Result "1/2-1/2"]
[ECO "A46"]
[WhiteElo "2453"]
[BlackElo "2447"]
[WhiteEngine "Houdini 6_CTG"]
[BlackEngine "stockfish_x64_bmi2_2018_01_13_CTG"]
[EventType "Swiss"]
[WhiteTeam ""]
[BlackTeam ""]
[PlyCount "111"]
[TimeControl "720+1"]

1. d4 Nf6 2. Nf3 d5 3. c4 c6 4. e3 e6 5. b3 c5 6. Nbd2 cxd4 7. exd4 Nc6 
8. Bb2 Bd6 9. a3 b6 10. Rc1 dxc4 11. bxc4 O-O 12. Bd3 Bb7 13. O-O Rc8 14. g3 Re8 
15. Re1 Na5 16. Bf1 Bf8 17. Bh3 Nd7 18. Qe2 Qf6 19. Bg2 Ba6 20. h4 Qf5 
21. Nh2 Nf6 22. Nhf1 Qg6 23. Ne3 Bb7 24. Bxb7 Nxb7 25. Nf3 Bd6 26. Ng2 Qh5 
27. Bc3 Bb8 28. Bb4 a5 29. Bd2 Nd6 30. Nf4 Qg4 31. c5 bxc5 32. dxc5 Nde4 
33. Rc4 Nd6 34. cxd6 Rxc4 35. Qxc4 Qxf3 36. Qc5 Qb7 37. Bxa5 Rc8 38. Qb4 Qc6 
39. Rd1 Ba7 40. Qe1 Rb8 41. Ng2 h5 42. Bd2 Ng4 43. Be3 Ne5 44. Kh1 Bxe3 
45. Qxe3 Ng4 46. Qa7 Ra8 47. Qd4 Qf3 48. Kg1 Nxf2 49. Rc1 Qxa3 50. Rc6 Qxg3 
51. d7 Ra1+ 52. Qxa1 Nh3+ 53. Kh1 Nf2+ 54. Kg1 Nh3+ 55. Kh1 Nf2+ 56. Kg1 1/2-1/2

[Event "Saturday 20 January Rapid Engine Tour 12+1 Rounds 9 Starts 1600 ST"]
[Site "Infinity Chess"]
[Date "2018.1.20"]
[Round "3"]
[White "Harry_Potter"]
[Black "KhalidOmar"]
[Result "1/2-1/2"]
[ECO "C65"]
[WhiteElo "2464"]
[BlackElo "2454"]
[WhiteEngine "BrainFish_180113_x64_bmi2_CTG"]
[BlackEngine "Eman 1.64b 64-bit BMI2"]
[EventType "Swiss"]
[WhiteTeam ""]
[BlackTeam ""]
[PlyCount "57"]
[TimeControl "720+1"]

1. e4 e5 2. Nf3 Nc6 3. Bb5 Nf6 4. d3 Bc5 5. c3 O-O 6. O-O d6 7. h3 Bb6 
8. Re1 Ne7 9. d4 d5 10. Nxe5 Nxe4 11. Nd2 Nd6 12. Bd3 f6 13. Nef3 Bf5 
14. Nf1 Bxd3 15. Qxd3 c6 16. Bf4 Bc7 17. Re2 Qd7 18. Ne3 Rae8 19. Rae1 Ng6 
20. Bxd6 Bxd6 21. Qf5 Qxf5 22. Nxf5 Rxe2 23. Rxe2 Nf4 24. Re1 Bb8 25. Re7 Rf7 
26. Re8+ Rf8 27. Re7 Rf7 28. Re8+ Rf8 29. Re7 1/2-1/2

[Event "Saturday 20 January Rapid Engine Tour 12+1 Rounds 9 Starts 1600 ST"]
[Site "Infinity Chess"]
[Date "2018.1.20"]
[Round "3"]
[White "Eman"]
[Black "angriff"]
[Result "1/2-1/2"]
[ECO "A40"]
[WhiteElo "2467"]
[BlackElo "2466"]
[WhiteEngine "Eman 1.64b 64-bit POPCNT"]
[BlackEngine "Raubfisch ME262_GTZ16b2_CTG"]
[EventType "Swiss"]
[WhiteTeam ""]
[BlackTeam ""]
[PlyCount "131"]
[TimeControl "720+1"]

1. d4 c6 2. e4 d5 3. e5 c5 4. c3 Nc6 5. Be2 Bf5 6. Nf3 e6 7. O-O cxd4 
8. cxd4 Nge7 9. Be3 Nc8 10. Ne1 Be7 11. Nd3 O-O 12. Bg4 Bxg4 13. Qxg4 Kh8 
14. Rc1 Nb6 15. Nd2 Rc8 16. Qd1 Nb4 17. Rxc8 Qxc8 18. Nxb4 Bxb4 19. h4 Bxd2 
20. Bxd2 Qc4 21. Be3 Rc8 22. Qe1 Kg8 23. b3 Qc2 24. h5 Qc3 25. Kf1 Qxe1+ 
26. Kxe1 Nd7 27. g4 f6 28. exf6 gxf6 29. Ke2 Nb8 30. b4 Nc6 31. Rb1 Kf7 
32. Rb3 a6 33. a4 Na7 34. b5 axb5 35. axb5 Rc4 36. f3 Ra4 37. Rc3 Nxb5 
38. Rc5 Ra5 39. Kf1 b6 40. Rc8 Ra1+ 41. Ke2 e5 42. dxe5 fxe5 43. Bxb6 Ra2+ 
44. Ke1 d4 45. Rd8 Ke6 46. Bc5 Rb2 47. Kf1 Rb1+ 48. Kg2 Rb2+ 49. Kf1 Rh2 
50. Ke1 Rh1+ 51. Ke2 Rc1 52. Bb4 Rb1 53. Re8+ Kd5 54. Bd2 Nd6 55. Rd8 Ke6 
56. g5 Rh1 57. g6 hxg6 58. hxg6 Rg1 59. Bb4 Nf5 60. Kd3 Rxg6 61. Re8+ Kd5 
62. Rd8+ Kc6 63. Ke4 Nd6+ 64. Bxd6 Rxd6 65. Rxd6+ Kxd6 66. f4 1/2-1/2

[Event "Saturday 20 January Rapid Engine Tour 12+1 Rounds 9 Starts 1600 ST"]
[Site "Infinity Chess"]
[Date "2018.1.20"]
[Round "3"]
[White "RonWeasley"]
[Black "Susanne"]
[Result "1/2-1/2"]
[ECO "B32"]
[WhiteElo "2480"]
[BlackElo "2470"]
[WhiteEngine "BrainFish 130117_CTG"]
[BlackEngine "asmFishW_2018-01-12_bmi2_CTG"]
[EventType "Swiss"]
[WhiteTeam ""]
[BlackTeam ""]
[PlyCount "172"]
[TimeControl "720+1"]

1. e4 c5 2. Nf3 Nc6 3. d4 cxd4 4. Nxd4 e5 5. Nb5 d6 6. N1c3 a6 7. Na3 b5 
8. Nd5 Nf6 9. c3 Be7 10. Nxf6+ Bxf6 11. Nc2 O-O 12. Bd3 Be6 13. O-O Qd7 
14. Qe2 Rfd8 15. Ne3 Bg5 16. Rd1 Ne7 17. Bc2 Qb7 18. a4 bxa4 19. Rxa4 a5 
20. Qd3 g6 21. b4 axb4 22. Rxb4 Qc7 23. Bd2 d5 24. Nxd5 Bxd5 25. Bxg5 Bb3 
26. Qxd8+ Rxd8 27. Rxd8+ Qxd8 28. Bxb3 Kg7 29. g3 f6 30. Be3 Qc7 31. Rb6 Qxc3 
32. Rb7 Kf8 33. Rb8+ Kg7 34. Rb7 Qe1+ 35. Kg2 Kf8 36. Rb8+ Kg7 37. Rb6 g5 
38. Be6 Qd1 39. Bc5 g4 40. Bxe7 Qf3+ 41. Kf1 Qd1+ 42. Kg2 Qf3+ 43. Kf1 Qh1+ 
44. Ke2 Qxe4+ 45. Kf1 f5 46. Rd6 Qb1+ 47. Ke2 Qb7 48. Kd3 Qf3+ 49. Kc2 Qxf2+ 
50. Rd2 Qf3 51. Bd5 Qe3 52. Bc4 f4 53. Rd7 Qf2+ 54. Kb3 Qf3+ 55. Kb4 Qc6 
56. Bb5 Qe4+ 57. Kc5 Qe3+ 58. Kb4 Kg6 59. Rd6+ Kf7 60. Bh4 Qe1+ 61. Kc5 Qf2+ 
62. Kb4 Qe1+ 63. Kc5 Qa5 64. Ra6 Qc7+ 65. Kb4 Qb8 66. Kc5 f3 67. Bc4+ Kf8 
68. Rf6+ Kg7 69. Rf7+ Kg6 70. Re7 Qc8+ 71. Kd5 e4 72. Re6+ Kh5 73. Re5+ Kg6 
74. Re6+ Kg7 75. Bf6+ Kg6 76. Bd4+ Kf5 77. Re5+ Kg6 78. Rxe4 Qd8+ 79. Kc5 Qf8+ 
80. Kb5 Qf5+ 81. Re5 Qd7+ 82. Kc5 Qa7+ 83. Kd5 Qa8+ 84. Kc5 Qa7+ 85. Kd5 Qb7+ 
86. Kc5 Qa7+ 1/2-1/2

[Event "Saturday 20 January Rapid Engine Tour 12+1 Rounds 9 Starts 1600 ST"]
[Site "Infinity Chess"]
[Date "2018.1.20"]
[Round "3"]
[White "Murx"]
[Black "Neoxium"]
[Result "1/2-1/2"]
[ECO "A15"]
[WhiteElo "2482"]
[BlackElo "2490"]
[WhiteEngine "BrainFish_180113_x64_modern"]
[BlackEngine "SF SL FA-IDeA"]
[EventType "Swiss"]
[WhiteTeam ""]
[BlackTeam ""]
[PlyCount "259"]
[TimeControl "720+1"]

1. c4 Nf6 2. d4 e6 3. Nf3 b6 4. g3 Ba6 5. b3 d5 6. Bg2 Bb4+ 7. Bd2 Be7 
8. O-O O-O 9. Ne5 Bb7 10. Nc3 Nbd7 11. Bf4 Ne4 12. Rc1 Nxe5 13. Bxe5 Rc8 
14. Nb5 c6 15. cxd5 cxb5 16. Bxe4 Bxd5 17. Rxc8 Qxc8 18. Bd3 Qd7 19. Qc2 Rc8 
20. Bxh7+ Kh8 21. Qd3 f6 22. Bf4 g5 23. Bd2 f5 24. Bg6 Kg7 25. Bh5 Bf6 
26. Qe3 Rh8 27. Bf3 Kg6 28. Rc1 Bxf3 29. exf3 Qxd4 30. Rc7 Qxe3 31. Bxe3 Rh7 
32. Rxh7 Kxh7 33. f4 g4 34. f3 Kg6 35. fxg4 fxg4 36. h4 Kf5 37. Kf2 Kg6 
38. Ke1 Be7 39. Bd4 Kh6 40. Ke2 Kg6 41. Be5 Bc5 42. Bb8 a6 43. Be5 Kf5 44. h5 b4 
45. Bb2 b5 46. Bc1 Bd4 47. Bd2 Bc5 48. Be3 Bd6 49. Kd3 Be7 50. Bb6 Bf8 
51. Kd4 Bg7+ 52. Ke3 Bf8 53. Kd3 Be7 54. h6 Kg6 55. Kd4 Bf6+ 56. Ke4 Bc3 
57. h7 Kxh7 58. f5 exf5+ 59. Kxf5 Bd2 60. Kxg4 Kg6 61. Ba5 Kf6 62. Kh5 Ke5 
63. g4 Kf6 64. Bd8+ Kg7 65. Ba5 Kh7 66. Bb6 Kg7 67. Bd8 Kf7 68. Kh4 Ke8 
69. Bb6 Ke7 70. Kh5 Kf7 71. Bd8 Be3 72. Ba5 Bd2 73. g5 Kg7 74. Bc7 Be3 
75. Bd8 Bc1 76. Bb6 Ba3 77. Ba5 Kh7 78. g6+ Kg7 79. Kg5 Bc1+ 80. Kf5 Ba3 
81. Bb6 Bb2 82. Ba5 Bc3 83. a3 Bb2 84. Bxb4 a5 85. Bxa5 Bxa3 86. Bc3+ Kf8 
87. Ke4 b4 88. Bd2 Kg8 89. Kf4 Kf8 90. Kf5 Kg8 91. Be3 Bb2 92. Bf2 Ba1 
93. Bg3 Bb2 94. Bd6 Bc3 95. Be5 Kf8 96. Bf6 Bd2 97. Bd4 Bc3 98. Bc5+ Kg8 
99. Kg5 Bd2+ 100. Kh5 Kg7 101. Bd4+ Kg8 102. Ba7 Bc1 103. Bd4 Bf4 104. Bc5 Bd2 
105. Be7 Be1 106. Bf6 Bd2 107. Bd4 Bc3 108. Be3 Ba1 109. Bh6 Bd4 110. Bf4 Ba1 
111. Bb8 Bd4 112. Bf4 Bb2 113. Bh6 Bf6 114. Kg4 Bc3 115. Kh5 Bb2 116. Bf4 Bd4 
117. Kg5 Bc3 118. Kf5 Kf8 119. Ke4 Be1 120. Bb8 Bd2 121. Bc7 Kg7 122. Bf4 Be1 
123. Kf5 Kf8 124. Bb8 Bd2 125. Bd6+ Kg8 126. Ke5 Be1 127. Kf6 Bd2 128. Bc5 Bc3+ 
129. Kf5 Kg7 130. Bg1 1/2-1/2

[Event "Saturday 20 January Rapid Engine Tour 12+1 Rounds 9 Starts 1600 ST"]
[Site "Infinity Chess"]
[Date "2018.1.20"]
[Round "3"]
[White "Gilgamesch"]
[Black "Deep_Impact"]
[Result "0-1"]
[ECO "C55"]
[WhiteElo "2501"]
[BlackElo "2503"]
[WhiteEngine "BrainFish_171005_x64_bmi2"]
[BlackEngine "BrainFish_180113_x64_modern"]
[EventType "Swiss"]
[WhiteTeam ""]
[BlackTeam ""]
[PlyCount "224"]
[TimeControl "720+1"]

1. e4 e5 2. Nf3 Nc6 3. Bc4 Nf6 4. d3 Bc5 5. Bb3 O-O 6. Nbd2 a5 7. c3 d6 
8. h3 Be6 9. O-O Qc8 10. a4 h6 11. Nc4 Ne7 12. Re1 Ng6 13. Be3 Bxe3 14. Rxe3 b6 
15. d4 Re8 16. Ncd2 Nf4 17. Bxe6 Qxe6 18. b3 Qd7 19. d5 Kh8 20. Nf1 Rg8 
21. N3d2 g5 22. Nc4 g4 23. h4 Ne8 24. Ng3 Ng7 25. Re1 f5 26. Ne3 fxe4 
27. Nxe4 Ngh5 28. Ng3 Nf6 29. Ra2 Qf7 30. Rd2 Rgf8 31. Rf1 h5 32. Kh2 Ng6 
33. Rh1 Qh7 34. Qb1 Rf7 35. Nef5 Rb8 36. Rhd1 Nf4 37. Ne3 Qxb1 38. Rxb1 Ng6 
39. Nef5 Kh7 40. Kg1 Rbf8 41. b4 Ra8 42. Ra1 Ne7 43. Nxe7 Rxe7 44. b5 Rf7 
45. Re1 Raf8 46. Ne4 Nxe4 47. Rxe4 Rf4 48. Rde2 Kg6 49. g3 Rf3 50. Rc4 R8f7 
51. Rd2 Kg7 52. Rc6 Kf8 53. Kg2 Ke8 54. Rc4 Kd7 55. Kg1 Kc8 56. Kg2 Kd7 
57. Kg1 Kc8 58. Kg2 Kb7 59. Kg1 R7f6 60. Kg2 Rf7 61. Rc6 R7f5 62. Rc4 Rf6 
63. Kg1 Rh6 64. Kh1 Rh7 65. Kg2 Re7 66. Kf1 e4 67. Re2 e3 68. Rf4 Rxf4 
69. gxf4 Re4 70. fxe3 Rxa4 71. f5 Kc8 72. f6 Kd8 73. Rf2 Ke8 74. f7+ Kf8 
75. Rf5 Rc4 76. Rxh5 Kxf7 77. Kf2 a4 78. Rf5+ Kg7 79. Rg5+ Kh6 80. Rg8 a3 
81. Rh8+ Kg6 82. Ra8 Rxc3 83. Kg3 Kf5 84. Rf8+ Ke5 85. Kxg4 Rxe3 86. Ra8 Rb3 
87. Re8+ Kxd5 88. Ra8 Ke6 89. Kf4 Kf7 90. Kg4 Rxb5 91. Rxa3 Kg6 92. Kg3 Rb4 
93. Ra7 c5 94. Rb7 b5 95. Rb8 c4 96. Rg8+ Kf5 97. Rc8 Rb3+ 98. Kg2 Rd3 
99. Rf8+ Kg4 100. Kf2 c3 101. Rc8 Kf5 102. Rf8+ Ke4 103. Kg2 c2 104. Re8+ Kd4 
105. Rd8 c1=Q 106. Rxd6+ Ke5 107. Rxd3 Qc2+ 108. Kf1 Qxd3+ 109. Kf2 Kf4 
110. h5 Qc2+ 111. Kg1 Kf3 112. h6 Qg2# 0-1

[Event "Saturday 20 January Rapid Engine Tour 12+1 Rounds 9 Starts 1600 ST"]
[Site "Infinity Chess"]
[Date "2018.1.20"]
[Round "2"]
[White "BraveDevil"]
[Black "tris77"]
[Result "1/2-1/2"]
[ECO "E10"]
[WhiteElo "2370"]
[BlackElo "2344"]
[WhiteEngine "Cryptic AIL V1"]
[BlackEngine "Raubfisch ME262_GTZ16b2_CTG"]
[EventType "Swiss"]
[WhiteTeam ""]
[BlackTeam ""]
[PlyCount "64"]
[TimeControl "720+1"]

1. d4 Nf6 2. c4 e6 3. Nf3 d5 4. Nc3 c6 5. Bg5 dxc4 6. a4 Bb4 7. e4 c5 
8. Bxc4 cxd4 9. Nxd4 O-O 10. O-O Nbd7 11. Qe2 Qa5 12. Nf3 Ne5 13. Bxf6 gxf6 
14. Nxe5 Qxe5 15. Na2 Be7 16. Rad1 Kh8 17. Rd3 Rg8 18. Rfd1 b6 19. g3 a6 
20. Nc3 Ra7 21. Rd4 Bc5 22. R4d2 Be7 23. Qf3 Rc7 24. Qe2 Ra7 25. Rd3 Rc7 
26. R3d2 Qa5 27. Kg2 Bb4 28. Rd8 Be7 29. R8d2 Bb4 30. Rd8 Be7 31. R8d4 Bc5 
32. Rd8 Be7 1/2-1/2

[Event "Saturday 20 January Rapid Engine Tour 12+1 Rounds 9 Starts 1600 ST"]
[Site "Infinity Chess"]
[Date "2018.1.20"]
[Round "2"]
[White "OlivierEvan"]
[Black "Satria_Ungu"]
[Result "1/2-1/2"]
[ECO "C50"]
[WhiteElo "2404"]
[BlackElo "2416"]
[WhiteEngine "Houdini 6"]
[BlackEngine "Houdini 6_CTG"]
[EventType "Swiss"]
[WhiteTeam ""]
[BlackTeam ""]
[PlyCount "111"]
[TimeControl "720+1"]

1. e4 e5 2. Nf3 Nc6 3. Bc4 Bc5 4. O-O Nf6 5. d3 h6 6. c3 d6 7. b4 Bb6 8. a4 a5 
9. b5 Ne7 10. Nbd2 O-O 11. h3 Ng6 12. Re1 Re8 13. d4 exd4 14. cxd4 d5 
15. exd5 Rxe1+ 16. Qxe1 Nxd5 17. Nb3 Be6 18. Bd2 Qf6 19. Qe4 c6 20. bxc6 bxc6 
21. Re1 Bf5 22. Qe2 Be6 23. Rc1 Bc7 24. Qe4 Bf5 25. Qe1 Ngf4 26. Bxd5 Nxd5 
27. Bxa5 Bxa5 28. Nxa5 Nf4 29. Rxc6 Be6 30. d5 Nxd5 31. Rc5 Nb6 32. Nc6 Rxa4 
33. Qe5 Nd7 34. Qxf6 Nxf6 35. Nd8 Bd5 36. Ne5 Ra7 37. Ndc6 Rc7 38. h4 g6 
39. f3 h5 40. Kf2 Kg7 41. Ke3 Bxc6 42. Rxc6 Re7 43. Kd4 Ng8 44. Nc4 Re2 
45. Ne3 Re1 46. Kd3 Ne7 47. Rc5 Rb1 48. g4 hxg4 49. fxg4 Rb4 50. Ke2 f5 
51. Rc7 Kf8 52. gxf5 Nxf5 53. Nxf5 gxf5 54. h5 Rh4 55. Kf3 Rxh5 56. Ra7 1/2-1/2

[Event "Saturday 20 January Rapid Engine Tour 12+1 Rounds 9 Starts 1600 ST"]
[Site "Infinity Chess"]
[Date "2018.1.20"]
[Round "2"]
[White "star99"]
[Black "Thinker"]
[Result "1/2-1/2 "]
[ECO "D31"]
[WhiteElo "2423"]
[BlackElo "2423"]
[WhiteEngine "Cryptic AIL V1"]
[BlackEngine "BrainFish_180113_x64_modern_CTG"]
[EventType "Swiss"]
[WhiteTeam ""]
[BlackTeam ""]
[PlyCount "133"]
[TimeControl "720+1"]

1. d4 d5 2. c4 e6 3. Nc3 c6 4. e4 dxe4 5. Nxe4 Bb4+ 6. Bd2 Qxd4 7. Bxb4 Qxe4+ 
8. Be2 Na6 9. Ba5 b6 10. Qd6 Bd7 11. Bc3 f6 12. O-O-O O-O-O 13. Qa3 Kb7 
14. Bf3 Qf4+ 15. Rd2 Qc7 16. Ne2 e5 17. Ng3 Nh6 18. Rhd1 Bg4 19. Bxg4 Nxg4 
20. Ne4 Rxd2 21. Rxd2 Rd8 22. c5 Rxd2 23. Bxd2 Nxc5 24. Nxc5+ bxc5 25. Qxc5 Nxh2 
26. Be3 Kc8 27. Qf8+ Kb7 28. Qb4+ Ka8 29. Qc4 h5 30. f3 f5 31. Bg1 e4 
32. fxe4 fxe4 33. Bxh2 Qxh2 34. Qxc6+ Kb8 35. Qxe4 Qc7+ 36. Kb1 Qd7 37. a3 Kc7 
38. a4 g5 39. b3 Qd1+ 40. Ka2 Qd2+ 41. Ka3 Qc1+ 42. Ka2 Qd2+ 43. Ka3 g4 
44. Qc4+ Kd6 45. Qa6+ Ke5 46. Qxa7 Qd6+ 47. b4 Qd3+ 48. Ka2 Qd2+ 49. Ka3 Qc3+ 
50. Ka2 Qxb4 51. a5 Qd2+ 52. Kb3 Qxg2 53. Qe7+ Kd4 54. Qg7+ Kc5 55. Qc3+ Kd6 
56. Qf6+ Kc7 57. Qe5+ Kc6 58. Qe6+ Kc7 59. Qe5+ Kd8 60. Qb8+ Ke7 61. Qc7+ Kf8 
62. a6 Qf3+ 63. Kb4 g3 64. Qc8+ Kg7 65. Qb7+ Qxb7+ 66. axb7 g2 67. b8=Q 1/2-1/2

[Event "Saturday 20 January Rapid Engine Tour 12+1 Rounds 9 Starts 1600 ST"]
[Site "Infinity Chess"]
[Date "2018.1.20"]
[Round "2"]
[White "MarioDeMonti"]
[Black "neófito"]
[Result "1/2-1/2"]
[ECO "C55"]
[WhiteElo "2438"]
[BlackElo "2438"]
[WhiteEngine "stockfish_x64_bmi2_2018_01_13_CTG"]
[BlackEngine "asmFishW_2018-01-12_bmi2"]
[EventType "Swiss"]
[WhiteTeam ""]
[BlackTeam ""]
[PlyCount "156"]
[TimeControl "720+1"]

1. e4 e5 2. Nf3 Nc6 3. Bc4 Nf6 4. d3 Bc5 5. c3 d6 6. O-O a5 7. Re1 h6 8. h3 O-O 
9. Nbd2 Be6 10. Bb5 Qb8 11. Nf1 Qa7 12. Re2 a4 13. Ng3 Qa5 14. Bxc6 bxc6 
15. Nh4 Rfe8 16. Re1 d5 17. exd5 cxd5 18. Rxe5 Qb6 19. Re2 d4 20. cxd4 Bxd4 
21. Nf3 Bc5 22. Qc2 Bd5 23. Ne4 Bxe4 24. dxe4 Bxf2+ 25. Rxf2 Nxe4 26. Bf4 a3 
27. Be5 Nxf2 28. Qxf2 axb2 29. Bxb2 Re2 30. Qxb6 cxb6 31. Bd4 Raxa2 
32. Rxa2 Rxa2 33. Bxb6 h5 34. Bd4 Kh7 35. Bb6 Kg8 36. g3 Ra3 37. Kf2 Ra2+ 
38. Ke3 Ra4 39. Bc5 Ra2 40. Nd4 Ra5 41. Bb6 Ra2 42. Ke4 f6 43. Kd5 Kf7 
44. Nf5 Kg6 45. Ne3 Rd2+ 46. Bd4 Rh2 47. h4 Kf7 48. Ke4 Ra2 49. Kf3 g5 
50. Bc5 Ra4 51. hxg5 fxg5 52. g4 h4 53. Kg2 Re4 54. Kh3 Re5 55. Bd4 Re4 
56. Nf5 Rf4 57. Bc5 Rf3+ 58. Kg2 Rf4 59. Ne3 Kg6 60. Kh3 Ra4 61. Kg2 Kf7 
62. Kf3 Ra1 63. Bd4 Ra2 64. Bc5 h3 65. Nf1 h2 66. Ng3 Ra1 67. Kg2 Ra2+ 
68. Kf3 Kg6 69. Bd4 Ra3+ 70. Be3 Kf7 71. Nh1 Kf6 72. Ng3 Ke5 73. Kf2 Kd6 
74. Nh1 Ra1 75. Bxg5 Rxh1 76. Bf4+ Kc5 77. Kg3 Rg1+ 78. Kxh2 Rxg4 1/2-1/2

[Event "Saturday 20 January Rapid Engine Tour 12+1 Rounds 9 Starts 1600 ST"]
[Site "Infinity Chess"]
[Date "2018.1.20"]
[Round "2"]
[White "Dovahkiin"]
[Black "Cepri"]
[Result "1/2-1/2 "]
[ECO "A00"]
[WhiteElo "2440"]
[BlackElo "2441"]
[WhiteEngine "BrainFish_180113_x64_modern_CTG"]
[BlackEngine "asmFishW_12J18Mb_CTG"]
[EventType "Swiss"]
[WhiteTeam ""]
[BlackTeam ""]
[PlyCount "229"]
[TimeControl "720+1"]

1. e3 e5 2. e4 Nf6 3. Nc3 Bc5 4. Bc4 d6 5. Nf3 c6 6. d3 O-O 7. a4 Bg4 
8. Ba2 Nbd7 9. O-O Bb6 10. h3 Bh5 11. g4 Bg6 12. Nh2 Kh8 13. Qf3 Nc5 14. Qg2 Ne6 
15. Nf3 a5 16. Kh1 Nd7 17. Bd2 Ndc5 18. Be3 Nf4 19. Bxf4 exf4 20. Rae1 Qe7 
21. h4 h6 22. Rg1 Rae8 23. h5 Bh7 24. g5 Ne6 25. Bxe6 Qxe6 26. Ne2 hxg5 
27. Nxf4 Qh6 28. Nxg5 d5 29. exd5 Rxe1 30. Rxe1 Bf5 31. Qg3 Kg8 32. Ne4 Bc7 
33. d6 Bxe4+ 34. dxe4 Qxd6 35. e5 Qd4 36. c3 Qd7 37. h6 g6 38. Qg5 Qd2 
39. Re2 Qd8 40. Qxd8 Bxd8 41. e6 Bf6 42. Rd2 fxe6 43. Nxe6 Rf7 44. Kg2 Re7 
45. Nc5 Kh7 46. f4 Kxh6 47. Kf3 Kg7 48. Ne4 Kf7 49. Rd6 Bh4 50. Nd2 Re1 
51. Nc4 Be7 52. Rd7 Rf1+ 53. Ke4 Re1+ 54. Kf3 b5 55. Ne5+ Ke6 56. Ra7 bxa4 
57. Nxc6 Bf6 58. Rxa5 Rf1+ 59. Ke4 Rf2 60. Ra6 Re2+ 61. Kf3 Rxb2 62. Nb4+ Kf7 
63. Nd5 Bh4 64. Rxa4 Rc2 65. Ra6 Rc1 66. Kg4 Bd8 67. Kf3 Bh4 68. Rc6 Rf1+ 
69. Kg4 Bf2 70. Kf3 Bh4+ 71. Kg4 Bf2 72. Rf6+ Kg7 73. Rd6 Kf7 74. Rf6+ Kg7 
75. c4 Rd1 76. Re6 Rd3 77. Re7+ Kh6 78. f5 Rd4+ 79. Kf3 Rxc4 80. Kxf2 gxf5 
81. Rf7 Kg6 82. Ra7 Rh4 83. Ra5 Rh1 84. Ne3 Rh5 85. Kf3 Kf6 86. Nf1 Ke6 
87. Ng3 Rh8 88. Nxf5 Kf6 89. Ke4 Kg5 90. Nd4+ Kg4 91. Nf3 Kg3 92. Ra2 Re8+ 
93. Ne5 Rf8 94. Ra1 Kg2 95. Ra5 Re8 96. Ra3 Rf8 97. Ra7 Kg1 98. Nd3 Rh8 
99. Ra1+ Kg2 100. Ne5 Rg8 101. Ra2+ Kf1 102. Ra1+ Ke2 103. Ra6 Ke1 104. Nd3+ Kd1 
105. Ne5 Ke2 106. Ra2+ Kd1 107. Ra5 Ke2 108. Ra6 Kf1 109. Ng6 Kg2 110. Ke3 Kh3 
111. Kf3 Rc8 112. Nf4+ Kh4 113. Ne6 Rc3+ 114. Ke4 Rc8 115. Nd4 1/2-1/2

[Event "Saturday 20 January Rapid Engine Tour 12+1 Rounds 9 Starts 1600 ST"]
[Site "Infinity Chess"]
[Date "2018.1.20"]
[Round "2"]
[White "KULLANI"]
[Black "incredible"]
[Result "1/2-1/2"]
[ECO "C53"]
[WhiteElo "2446"]
[BlackElo "2449"]
[WhiteEngine "BrainFish_180113_x64_CTG"]
[BlackEngine "Stockfish_x64_bmi2"]
[EventType "Swiss"]
[WhiteTeam ""]
[BlackTeam ""]
[PlyCount "99"]
[TimeControl "720+1"]

1. e4 e5 2. Nf3 Nc6 3. Bc4 Bc5 4. c3 Nf6 5. d3 d6 6. O-O O-O 7. h3 h6 8. Re1 a6 
9. a4 a5 10. Nbd2 Ne7 11. Nf1 Be6 12. Bb3 Nc6 13. Bc2 d5 14. Nxe5 Bxf2+ 
15. Kxf2 Nxe5 16. exd5 Qxd5 17. Qe2 Ng6 18. Kg1 Rfe8 19. Qf2 Qf5 20. Re2 Rad8 
21. d4 Qxf2+ 22. Rxf2 Bd5 23. Bxh6 Ne4 24. Bxe4 Rxe4 25. Bd2 f6 26. Ng3 Ree8 
27. c4 Bxc4 28. Bxa5 Rxd4 29. Bxc7 Ne5 30. Kh2 Bb3 31. a5 Bf7 32. Bb6 Rd5 
33. Ra4 Nc6 34. Ne4 Ree5 35. Rf3 Rd1 36. Rg3 Rf1 37. Nd6 Re2 38. Nxf7 Kxf7 
39. Rb3 Rf5 40. h4 g5 41. Kh3 Rd5 42. Rc4 Rdd2 43. hxg5 Rxg2 44. Bc7 Rxb2 
45. Rxb2 Rxb2 46. a6 Rb3+ 47. Kg2 fxg5 48. axb7 Rxb7 49. Rxc6 Rb2+ 50. Kh3 
1/2-1/2

[Event "Saturday 20 January Rapid Engine Tour 12+1 Rounds 9 Starts 1600 ST"]
[Site "Infinity Chess"]
[Date "2018.1.20"]
[Round "2"]
[White "SkyPilot"]
[Black "hafaba"]
[Result "1/2-1/2"]
[ECO "B00"]
[WhiteElo "2447"]
[BlackElo "2452"]
[WhiteEngine "stockfish_x64_bmi2_2018_01_13_CTG"]
[BlackEngine "Stockfish SL FA POPCNT_CTG"]
[EventType "Swiss"]
[WhiteTeam ""]
[BlackTeam ""]
[PlyCount "143"]
[TimeControl "720+1"]

1. e4 Nc6 2. Nf3 e5 3. Bc4 Nf6 4. d3 Bc5 5. c3 a5 6. O-O d6 7. Re1 O-O 
8. Nbd2 Be6 9. Bb5 Qb8 10. Nf1 Qa7 11. Be3 Qb6 12. a4 Bxe3 13. Nxe3 Ng4 
14. Ng5 Nxe3 15. Rxe3 g6 16. Qd2 Kg7 17. Rae1 Bd7 18. Rg3 f6 19. Nf3 Be8 
20. d4 Ne7 21. Bxe8 Rfxe8 22. h4 h5 23. Qc2 Qc6 24. b3 Rad8 25. Qd1 Qd7 
26. Re3 Kh6 27. Qd2 Qc8 28. Rd3+ Kh7 29. dxe5 dxe5 30. Nh2 Kg7 31. Nf1 Kf7 
32. Ne3 Rxd3 33. Qxd3 Qe6 34. Nc4 b6 35. Rf3 Kg7 36. Qd2 Nc6 37. Rd3 Re7 
38. Rd5 Rf7 39. f3 Kh7 40. Qd1 Kg7 41. Qd2 Ne7 42. Rd8 Nc6 43. Rd3 Ne7 
44. Kf2 Nc6 45. Rd5 f5 46. Nxe5 Nxe5 47. Qd4 Re7 48. f4 Qf6 49. Rxe5 Qxh4+ 
50. g3 Qh2+ 51. Kf1 Qh1+ 52. Ke2 Qg2+ 53. Kd1 Qf1+ 54. Kc2 Qe2+ 55. Kc1 Qe1+ 
56. Kb2 Rxe5 57. Qxe5+ Kh7 58. exf5 Qxe5 59. fxg6+ Kxg6 60. fxe5 Kf5 
61. Kc2 Kxe5 62. Kd3 Kf5 63. Ke3 c5 64. c4 Kg4 65. Kf2 Kg5 66. Kg2 Kf5 
67. Kf3 Kg5 68. Kg2 Kf5 69. Kf3 Kg6 70. Kf4 Kf6 71. Kf3 Kg5 72. Kg2 1/2-1/2

[Event "Saturday 20 January Rapid Engine Tour 12+1 Rounds 9 Starts 1600 ST"]
[Site "Infinity Chess"]
[Date "2018.1.20"]
[Round "2"]
[White "KhalidOmar"]
[Black "NINJA_JENGKA"]
[Result "1/2-1/2"]
[ECO "C53"]
[WhiteElo "2454"]
[BlackElo "2453"]
[WhiteEngine "Eman 1.64b 64-bit BMI2"]
[BlackEngine "Houdini 6_CTG"]
[EventType "Swiss"]
[WhiteTeam ""]
[BlackTeam ""]
[PlyCount "108"]
[TimeControl "720+1"]

1. e4 e5 2. Nf3 Nc6 3. Bc4 Bc5 4. c3 Nf6 5. d4 exd4 6. e5 d5 7. Bb5 Ne4 
8. cxd4 Bb6 9. O-O Bg4 10. a4 a5 11. Nc3 O-O 12. Bxc6 bxc6 13. h3 Bxf3 
14. Qxf3 Bxd4 15. Nxe4 dxe4 16. Qxe4 Re8 17. Qxc6 Re6 18. Qf3 c5 19. Be3 Rxe5 
20. Rad1 Ra6 21. Rd3 h6 22. Bxd4 cxd4 23. Qf4 Rd5 24. Rc1 Rad6 25. Rc4 g5 
26. Qc1 Qf6 27. Qd2 Qe5 28. g3 h5 29. b3 Kh7 30. b4 axb4 31. Rxb4 g4 32. h4 Qf6 
33. Rb5 Rxb5 34. axb5 Rd5 35. Rb3 Qb6 36. Qe2 Kg7 37. Qd3 Re5 38. Rb1 Rd5 
39. Kf1 Re5 40. Kg1 Rd5 41. Kg2 Re5 42. Kf1 Qb7 43. Kg1 Qb6 44. Kh2 Kg8 
45. Rd1 Rxb5 46. Qxd4 Qxd4 47. Rxd4 Kg7 48. Rd6 f5 49. Kg2 Rb4 50. Rd2 f4 
51. f3 Rb3 52. gxf4 Rxf3 53. Rd5 Rxf4 54. Rxh5 Kg6 1/2-1/2

[Event "Saturday 20 January Rapid Engine Tour 12+1 Rounds 9 Starts 1600 ST"]
[Site "Infinity Chess"]
[Date "2018.1.20"]
[Round "2"]
[White "angriff"]
[Black "Harry_Potter"]
[Result "1/2-1/2"]
[ECO "C50"]
[WhiteElo "2466"]
[BlackElo "2464"]
[WhiteEngine "Raubfisch ME262_GTZ16b2_CTG"]
[BlackEngine "BrainFish_180113_x64_bmi2_CTG"]
[EventType "Swiss"]
[WhiteTeam ""]
[BlackTeam ""]
[PlyCount "160"]
[TimeControl "720+1"]

1. e4 e5 2. Nf3 Nc6 3. Bc4 Bc5 4. O-O Nf6 5. d3 d6 6. c3 a5 7. Re1 O-O 
8. Nbd2 h6 9. Nf1 Be6 10. Bb5 Ne7 11. d4 c6 12. Ba4 exd4 13. cxd4 Bb4 14. Re2 b5 
15. Bc2 a4 16. Ng3 Bc4 17. Bd3 Bxd3 18. Qxd3 Ng6 19. h4 Re8 20. h5 Nf8 
21. Nf5 Ne6 22. a3 Ba5 23. Qc2 Qc7 24. e5 dxe5 25. dxe5 Nd5 26. Bd2 Bb6 
27. Rc1 Bc5 28. Qe4 Kh8 29. Bb4 Bxb4 30. axb4 Qd7 31. Qg4 Red8 32. N3d4 Rac8 
33. Rd1 Rc7 34. Red2 Ng5 35. Qh4 Rf8 36. Qg4 Rd8 37. Kh2 g6 38. hxg6 fxg6 
39. Nxh6 Qxg4 40. Nxg4 Rh7+ 41. Kg1 Nxb4 42. Nf6 Rf7 43. Kf1 Nh7 44. Ng4 Ng5 
45. Nf6 Nh7 46. Ng4 Ng5 47. e6 Rh7 48. Nxb5 Rxd2 49. Rxd2 Nxe6 50. Nc3 Ra7 
51. Ne5 a3 52. bxa3 Rxa3 53. Ne4 Nd5 54. f3 Kg7 55. Nxc6 Nf6 56. Nd6 g5 
57. Ne5 Ra5 58. Ndc4 Rc5 59. g3 Nd5 60. Kg2 g4 61. fxg4 Nb6 62. Nxb6 Rxe5 
63. Nd5 Ng5 64. Nc3 Re3 65. Ne2 Ne4 66. Rb2 Kg6 67. Nd4 Rxg3+ 68. Kf1 Nd2+ 
69. Ke1 Nc4 70. Kf2 Nxb2 71. Kxg3 Nc4 72. Kf4 Nb2 73. Nf3 Nd3+ 74. Ke3 Nc5 
75. Nd4 Kg5 76. Kf3 Nd3 77. Ne6+ Kf6 78. Nd4 Kg5 79. Nc2 Ne5+ 80. Kg3 Nxg4 
1/2-1/2